 Dungeon Crawl Stone Soup version 0.18.1-5-g4a78601 (webtiles) character file.

20031 TheHangedMan the Eclecticist (level 12, -12/66 HPs)
             Began as a High Elf Wizard on May 9, 2016.
             Was the Champion of Sif Muna.
             Mangled by an orc knight
             ... wielding a +0 broad axe
              (15 damage)
             ... on level 1 of the Orcish Mines on May 11, 2016.
             The game lasted 01:57:54 (18007 turns).

TheHangedMan the Eclecticist (High Elf Wizard)     Turns: 18007, Time: 01:57:54

Health: -12/66     AC:  6    Str:  6    XL:     12   Next: 41%
Magic:  38/41      EV:  7    Int: 25    God:    Sif Muna [******]
Gold:   591        SH:  0    Dex: 14    Spells: 9 memorised, 17 levels left

rFire  + + .     SeeInvis .     (no weapon)
rCold  + . .     Gourm    .     G - +0 robe {MR+}
rNeg   . . .     Faith    .     (no shield)
rPois  +         Spirit   .     b - +0 helmet
rElec  .         Dismiss  .     w - +1 cloak {MR+}
rCorr  .         Reflect  .     (no gloves)
SustAt .         Harm     .     a - +0 pair of boots
MR     ++++.                    Y - amulet "Muqein" {RegenMP rPois rF++ rC+ Int-3}
Stlth  ++........               r - ring of protection from magic
                                C - ring of magical power

@: repel missiles, incredibly resistant to hostile enchantments, unstealthy
A: no striking features
a: Channel Energy, Forget Spell, Renounce Religion


You were on level 1 of the Orcish Mines.
You worshipped Sif Muna.
Sif Muna was exalted by your worship.
You were not hungry.

You visited 4 branches of the dungeon, and saw 17 of its levels.

You collected 927 gold pieces.
You spent 336 gold pieces at shops.

Inventory:

Hand Weapons
 M - a +3 trident of venom
Armour
 a - a +0 pair of boots (worn)
 b - a +0 helmet (worn)
 w - a +1 cloak of magic resistance (worn)
 G - a +0 robe of magic resistance (worn)
Jewellery
 r - a ring of protection from magic (right hand)
 s - an uncursed ring of flight
 C - a ring of magical power (left hand)
 Y - the amulet "Muqein" (around neck) {RegenMP rPois rF++ rC+ Int-3}
   (You found it on level 9 of the Dungeon)

   [amulet of magic regeneration]

   It increases your magic regeneration.
   It affects your intelligence (-3).
   It greatly protects you from fire.
   It protects you from cold.
   It protects you from poison.
Wands
 y - a wand of heal wounds (5/9)
 E - a wand of polymorph (11/24)
 K - a wand of enslavement (4/24)
 Q - a wand of disintegration (10/24)
Scrolls
 e - 7 scrolls of remove curse
 g - 3 scrolls of identify
 k - 3 scrolls of fear
 l - 3 scrolls of magic mapping
 q - 4 scrolls of teleportation
 v - 7 scrolls of fog
Potions
 n - a potion of berserk rage
 o - a potion of magic
 p - a potion of haste
 u - 3 potions of curing
 I - a potion of lignification
 L - a potion of flight
 N - a potion of heal wounds
 T - a potion of ambrosia
 W - a potion of agility
Comestibles
 d - 10 bread rations
 m - 8 meat rations
 z - 8 beef jerkies
 X - a royal jelly


   Skills:
 - Level 2.1 Dodging
 - Level 2.1 Stealth
 + Level 15.9 Spellcasting
 + Level 12.2 Conjurations
   Level 0.8 Summonings
 - Level 1.1 Translocations
 + Level 4.8 Fire Magic
 + Level 5.1 Ice Magic
 + Level 5.7 Air Magic


You had 17 spell levels left.
You knew the following spells:

 Your Spells              Type           Power        Failure   Level  Hunger
a - Magic Dart            Conj           ####         1%          1    None
b - Blink                 Tloc           N/A          2%          2    None
c - Conjure Flame         Conj/Fire      ######..     1%          3    None
d - Mephitic Cloud        Conj/Pois/Air  #####...     1%          3    None
e - Repel Missiles        Chrm/Air       ####..       1%          2    None
f - Sting                 Conj/Pois      ####         1%          1    None
r - Freezing Cloud        Conj/Ice/Air   ######....   21%         6    ####...
w - Cure Poison           Pois           ###.......   6%          2    None
x - Iskenderun's Battles  Conj/Chrm      ######..     8%          5    #......


Dungeon Overview and Level Annotations

Branches:
Dungeon (13/15)            Temple (1/1) D:5            Lair (2/8) D:9
    Orc (1/2) D:12
 Vaults: D:13-14

Altars:
Ashenzari
Cheibriados
Dithmenos
Elyvilon
Fedhas
Gozag
Kikubaaqudgha
Makhleb
Nemelex Xobeh
Okawaru
Pakellas
Qazlal
Ru
Sif Muna
Trog
Vehumet
Xom
Yredelemnul
Zin
The Shining One

Shops:
D:5 =*   D:12 [

Annotations:
D:11 4 runed doors
Lair:1 exclusion: oklob plant


Message History

w - Cure Poison Cast which spell? (? or * to list)
You conjure a globe of magical energy.
There is a staircase to the Orcish Mines here.
You climb downwards.
Welcome to the Orcish Mines!
Your summoned ally is left behind.
Your battlesphere wavers and loses cohesion.
The orc warrior throws a tomahawk.
The tomahawk hits you!
The orc knight roars a battlecry!
The orcs go into a battle-frenzy!
The orc knight hits you with a broad axe!!
The orc barely misses you. The orc hits you with a dagger.
The orc warrior throws a tomahawk.
The tomahawk misses you.
There is a staircase back to the Dungeon, spattered with blood here.
You see here 4 tomahawks.
The orc warrior hits you from afar with a trident!!
* * * LOW HITPOINT WARNING * * *
The orc barely misses you.
The orc knight hits you with a broad axe!
You die...

########
###...#..##
#.....o.o(#
..)[...@.#
.......o.....#
...[...oo#...#
.#........ .##
o...o.o..## #
......$.#.
.#.#......
###......#


You could see an orc knight, an orc high priest, 2 orc warriors, an orc priest
and 3 orcs.

Vanquished Creatures
  Maud (D:12)
  Harold (D:12)
  Erolcha (D:8)
  A death knight (D:11)
  A centaur warrior (D:12)
  2 skeletal warriors
  2 cyclopes
  An ugly thing (D:11)
  A spiny frog (Lair:1)
  2 komodo dragons (Lair:1)
  A two-headed ogre (D:12)
  2 blink frogs (D:9)
  A vampire (D:11)
  3 wyverns
  9 yaks
  Eustachio (D:6)
  Grum (D:8)
  3 wraiths
  4 hippogriffs
  3 hungry ghosts
  A steam dragon (D:11)
  A mottled dragon (D:12)
  A soldier ant (D:12)
  Duvessa (D:6)
  3 water moccasins (Lair:1)
  3 porcupines
  4 sky beasts
  An ice beast (D:5)
  12 orc warriors
  3 wasps
  A necrophage (D:12)
  3 black bears
  2 phantoms
  13 ogres
  7 wolves
  8 centaurs
  A crocodile (Lair:1)
  The ghost of Hipnos the Magician, an amateur DEWz (D:3)
  Blork the orc (D:6)
  13 giant frogs
  Dowan (D:6)
  2 scorpions
  2 howler monkeys
  7 killer bees
  4 wights (D:10)
  2 crimson imps (D:10)
  A centaur zombie (D:6)
  A giant frog zombie (D:11)
  5 hounds
  3 giant frog skeletons
  A jelly (D:7)
  7 orc priests
  12 orc wizards
  12 iguanas
  3 centaur skeletons
  2 hell rats (D:9)
  7 worker ants
  A killer bee zombie (D:10)
  4 hound skeletons
  A howler monkey skeleton (D:10)
  3 gnolls (D:9)
  11 adders
  15 river rats
  3 oozes
  2 adder skeletons
  2 worms (D:2)
  2 dart slugs
  8 giant geckos
  59 orcs
  4 giant cockroaches
  6 goblins
  6 hobgoblins
  3 jackals (D:2)
  5 quokkas
  2 ball pythons (D:1)
  6 bats
  4 giant newts
  A jackal zombie (D:6)
  8 kobolds
  2 quokka zombies
  7 rats
358 creatures vanquished.

Vanquished Creatures (others)
  2 fungi (Lair:1)
2 creatures vanquished.

Grand Total: 360 creatures vanquished

Notes
Turn   | Place    | Note
--------------------------------------------------------------
     0 | D:1      | TheHangedMan the High Elf Wizard began the quest for the Orb.
     0 | D:1      | Reached XP level 1. HP: 11/11 MP: 6/6
   571 | D:1      | Found a shattered altar of Ashenzari.
   651 | D:1      | Reached XP level 2. HP: 17/17 MP: 3/7
  1265 | D:2      | Found a stormy altar of Qazlal.
  1271 | D:2      | Reached XP level 3. HP: 21/21 MP: 1/9
  1360 | D:2      | Learned a level 2 spell: Blink
  1364 | D:2      | Learned a level 3 spell: Conjure Flame
  1368 | D:2      | Learned a level 3 spell: Mephitic Cloud
  1856 | D:2      | Found a bloodstained altar of Trog.
  2073 | D:2      | Reached XP level 4. HP: 27/27 MP: 7/10
  2519 | D:3      | Reached skill level 5 in Conjurations
  2727 | D:3      | Noticed Hipnos's ghost (amateur DEWz)
  2755 | D:3      | Killed Hipnos's ghost
  2755 | D:3      | Reached XP level 5. HP: 22/31 MP: 2/11
  2846 | D:3      | Found a snail-covered altar of Cheibriados.
  3349 | D:4      | Reached XP level 6. HP: 36/36 MP: 2/12
  3997 | D:5      | Entered Level 5 of the Dungeon
  4033 | D:5      | Found Argheo's General Store.
  4255 | D:5      | Reached XP level 7. HP: 41/41 MP: 1/13
  4936 | D:5      | Learned a level 2 spell: Repel Missiles
  4966 | D:5      | Found an iron altar of Okawaru.
  4997 | D:5      | Found a staircase to the Ecumenical Temple.
  5011 | Temple   | Entered the Ecumenical Temple
  5097 | Temple   | Became a worshipper of Sif Muna the Loreminder
  5181 | D:5      | Found Bepo Hui's Jewellery Boutique.
  5191 | D:5      | Bought a cursed ring of magical power for 187 gold pieces
  5451 | D:6      | Noticed Duvessa
  5451 | D:6      | Noticed Dowan
  5462 | D:6      | Killed Dowan
  5494 | D:6      | Killed Duvessa
  5494 | D:6      | Reached skill level 10 in Conjurations
  5494 | D:6      | Reached XP level 8. HP: 41/46 MP: 1/14
  6059 | D:6      | Noticed Eustachio
  6071 | D:6      | Reached * piety under Sif Muna
  6071 | D:6      | Reached skill level 4 in Spellcasting
  6220 | D:6      | Killed Eustachio
  6220 | D:6      | Reached skill level 5 in Spellcasting
  6301 | D:6      | Noticed Blork the orc
  6312 | D:6      | Killed Blork the orc
  6336 | D:6      | Reached skill level 6 in Spellcasting
  6341 | D:5      | HP: 2/46 [poisoned by a worker ant]
  6349 | D:5      | HP: 1/46 [poisoned by a worker ant]
  7248 | D:7      | Reached skill level 7 in Spellcasting
  7443 | D:7      | Reached ** piety under Sif Muna
  7443 | D:7      | Reached XP level 9. HP: 36/51 MP: 21/21
  7483 | D:7      | Reached skill level 8 in Spellcasting
  8014 | D:7      | Reached skill level 9 in Spellcasting
  8248 | D:7      | Found a glowing golden altar of the Shining One.
  8256 | D:7      | Learned a level 1 spell: Sting
  8324 | D:7      | Found a bloodstained altar of Trog.
  8380 | D:8      | Noticed Grum
  8393 | D:8      | Killed Grum
  8396 | D:8      | Reached skill level 10 in Spellcasting
  8400 | D:8      | Reached *** piety under Sif Muna
  8551 | D:8      | Identified the Almanac of Lethal Calling
  8799 | D:8      | Reached skill level 11 in Spellcasting
  8831 | D:8      | Noticed Erolcha
  8845 | D:8      | Killed Erolcha
  8845 | D:8      | Reached **** piety under Sif Muna
  8845 | D:8      | Reached XP level 10. HP: 56/56 MP: 24/26
  9068 | D:8      | Reached skill level 12 in Spellcasting
  9956 | D:9      | Found a staircase to the Lair.
  9961 | D:9      | Reached ***** piety under Sif Muna
  9977 | D:9      | Reached skill level 13 in Spellcasting
 10221 | D:9      | Got a scintillating sapphire amulet
 10431 | D:10     | Entered Level 10 of the Dungeon
 11196 | D:10     | Reached skill level 14 in Spellcasting
 11906 | D:11     | Noticed a green ugly thing
 11952 | Lair:1   | Entered Level 1 of the Lair of Beasts
 12334 | Lair:1   | Identified the amulet "Muqein" {RegenMP rPois rF++ rC+ Int-3} (You found it on level 9 of the Dungeon)
 12718 | Lair:1   | Reached XP level 11. HP: 44/61 MP: 30/30
 13155 | Lair:1   | Reached skill level 15 in Spellcasting
 13372 | Lair:1   | Found a snail-covered altar of Cheibriados.
 13372 | Lair:1   | Noticed an oklob plant
 13396 | Lair:1   | Reached ****** piety under Sif Muna
 13396 | Lair:1   | Received a gift from Sif Muna
 13405 | Lair:1   | Learned a level 6 spell: Freezing Cloud
 13411 | Lair:1   | Learned a level 5 spell: Iskenderun's Battlesphere
 13414 | Lair:1   | Learned a level 2 spell: Cure Poison
 14131 | Lair:1   | Reached skill level 1 in Fire Magic
 14151 | Lair:1   | Reached skill level 1 in Ice Magic
 14151 | Lair:1   | Reached skill level 1 in Air Magic
 14696 | D:11     | Killed a green ugly thing
 14709 | D:11     | Found a huge runed gate.
 14709 | D:11     | Found a huge runed gate.
 14709 | D:11     | Found a huge runed gate.
 14709 | D:11     | Noticed a death yak
 14710 | D:11     | Found a huge runed gate.
 14710 | D:11     | Noticed a death yak
 14776 | D:11     | Noticed a death knight
 14776 | D:11     | Noticed a skeletal warrior
 14777 | D:11     | Noticed a skeletal warrior
 14822 | D:10     | Killed a skeletal warrior
 15152 | D:11     | Killed a skeletal warrior
 15271 | D:11     | Killed a death knight
 15816 | D:12     | Received a gift from Sif Muna
 15900 | D:12     | Identified Sif Muna's Reference Book on Attacks (Sif Muna gifted it to you on level 12 of the Dungeon)
 16074 | D:12     | Noticed Maud
 16094 | D:12     | Killed Maud
 16094 | D:12     | Reached XP level 12. HP: 37/66 MP: 14/32
 16182 | D:12     | Noticed Harold
 16188 | D:12     | Killed Harold
 16188 | D:12     | Reached skill level 5 in Air Magic
 16517 | D:12     | Noticed a centaur warrior
 16525 | D:12     | Killed a centaur warrior
 16580 | D:12     | Found a staircase to the Orcish Mines.
 16588 | D:12     | Found Selup's Armour Boutique.
 16611 | D:12     | Bought a +0 cloak of magic resistance for 149 gold pieces
 17120 | Orc:1    | Entered Level 1 of the Orcish Mines
 17120 | Orc:1    | Noticed an orc high priest
 17126 | Orc:1    | Reached skill level 5 in Ice Magic
 17129 | Orc:1    | HP: 2/66 [orc warrior/trident[an orc high priest] (16)]
 18007 | Orc:1    | HP: 3/66 [orc warrior/trident[an orc high priest] (25)]
 18007 | Orc:1    | Mangled by an orc knight

Skill      XL: |  1  2  3  4  5  6  7  8  9 10 11 12 |
---------------+-------------------------------------+-----
Conjurations   | 2 3 4 6 8 10 11 12 | 12.2
Spellcasting   | 7 11 14 15 | 15.9
Fire Magic     | 4 |  4.8
Ice Magic      | 3 5 |  5.1
Air Magic      | 4 5 |  5.7
Dodging        | |  2.1
Stealth        | |  2.1
Summonings     | |  0.8
Translocations | |  1.1

Action                   |  1- 3 |  4- 6 |  7- 9 | 10-12 || total
-------------------------+-------+-------+-------+-------++-------
Melee: Unarmed           |     2 |       |       |       ||     2
       Spear             |     1 |     2 |       |       ||     3
       Short sword       |       |       |    16 |       ||    16
       Trident           |       |       |   125 |   377 ||   502
 Cast: Magic Dart        |    95 |   120 |   223 |   441 ||   879
       Mephitic Cloud    |       |     4 |    23 |    40 ||    67
       Blink             |       |     3 |    15 |    39 ||    57
       Conjure Flame     |       |     2 |    19 |    44 ||    65
       Repel Missiles    |       |       |     2 |       ||     2
       Sting             |       |       |     3 |     5 ||     8
       Iskenderun's Batt |       |       |       |    63 ||    63
       Freezing Cloud    |       |       |       |     1 ||     1
Evoke: Wand              |       |       |     7 |       ||     7
  Use: Scroll            |       |     9 |     1 |    17 ||    27
       Potion            |       |       |       |     2 ||     2
 Stab: Confused          |       |       |     6 |     9 ||    15
       Sleeping          |       |       |     2 |       ||     2
  Eat: Chunk             |     3 |     7 |    26 |    24 ||    60
Armor: Robe              |    11 |     7 |    30 |    31 ||    79
Dodge: Dodged            |    37 |    31 |    73 |   130 ||   271
       Deflected         |       |       |     7 |     9 ||    16
